 Dungeon Crawl Stone Soup version 0.29.1-2-gbd0b4ee654 (webtiles) character file.

Game seed: 11455445393595761632

2337 Proctologist the Spear-Bearer (level 9, -1/70 HPs)
             Began as a Minotaur Berserker on Nov 3, 2022.
             Was an Elder of Trog.
             Succumbed to a gnoll sergeant's poison
             ... on level 7 of the Dungeon.
             The game lasted 00:55:27 (7085 turns).

Proctologist the Spear-Bearer (Minotaur Berserker)  Turns: 7085, Time: 00:55:28

Health: -1/70      AC: 19    Str: 24    XL:     9   Next: 19%
Magic:  4/8        EV: 13    Int: 10    God:    Trog [****..]
Gold:   261        SH:  0    Dex: 12    Spells: 8/8 levels left

rFire   . . .      SeeInvis .   v - +5 bardiche (venom)
rCold   . . .      Faith    .   (shield currently unavailable)
rNeg    . . .      Spirit   +   g - +4 ring mail
rPois   .          Reflect  .   (helmet restricted)
rElec   .          Harm     .   (no cloak)
rCorr   .          Rampage  .   (no gloves)
Will    ++...                   B - +0 pair of boots
Stlth   +.........              r - amulet of guardian spirit
HPRegen 1.21/turn               E - +4 ring of protection
MPRegen 0.11/turn               w - +6 ring of intelligence

@: lethally poisoned (-1 -> -8), about to teleport, strong-willed, on berserk
cooldown, regenerating, slowed, very slow
A: horns 2, retaliatory headbutt, iridescent scales 2, frail 1, sense
surroundings 1
a: Renounce Religion, Berserk, Trog's Hand, Brothers in Arms


You were on level 7 of the Dungeon.
You worshipped Trog.
Trog was greatly pleased with you.
You visited 2 branches of the dungeon, and saw 8 of its levels.
You also visited: Sewer.

You collected 261 gold pieces.

Inventory:

Hand Weapons
 a - a +0 mace
 t - a +5 spear
 v - a +5 bardiche of venom (weapon)
 A - a +0 dagger
 D - a +3 rapier
 G - a +3 whip
 H - the +8 whip "Beetlebane" {freeze, Str+4}
   (You took it off a gnoll on level 5 of the Dungeon)

   It freezes those it strikes, dealing additional cold damage.
   It can also slow down cold-blooded creatures.
   Str:       It affects your strength (+4).
 N - a +0 vorpal trident
Missiles
 d - 5 curare-tipped darts
 f - 20 stones
 p - 7 poisoned darts
 J - a boomerang
 M - 2 silver boomerangs
Armour
 b - a +0 animal skin
 c - a +0 scale mail
 e - a +0 ring mail
 g - a +4 ring mail (worn)
 B - a +0 pair of boots (worn)
 O - a +2 robe of willpower
 Q - +0 steam dragon scales
Jewellery
 h - a ring of ice
 r - an amulet of guardian spirit (around neck)
 w - a +6 ring of intelligence (right hand)
 y - a ring of protection from fire
 C - an amulet of the acrobat
 E - a +4 ring of protection (left hand)
 L - a ring of see invisible
 P - a ring of see invisible
Wands
 R - a wand of polymorph (9)
 T - a wand of paralysis (8)
Scrolls
 i - 2 scrolls of identify
 j - 2 scrolls of teleportation
 l - 3 scrolls of enchant weapon
 m - 2 scrolls of fog
 s - a scroll of vulnerability
 I - a scroll of acquirement
Potions
 k - a potion of heal wounds
 n - 2 potions of invisibility
 o - a potion of degeneration
 q - a potion of experience {unknown}
 u - 2 potions of haste
 x - a potion of mutation
 z - 5 potions of curing


   Skills:
 + Level 6.9 Fighting
 + Level 4.8 Maces & Flails
 + Level 9.9 Polearms
 + Level 1.0 Throwing
 + Level 6.4 Armour
 + Level 5.4 Dodging
 + Level 1.2 Stealth


You had 8 spell levels left.
You didn't know any spells.
Your spell library contained the following spells:

 Spells                   Type           Power      Damage    Failure   Level
 Magic Dart               Conj           0%         1d3       50%         1
 Summon Small Mammal      Summ           0%         N/A       50%         1
 Call Imp                 Summ           0%         N/A       63%         2
 Call Canine Familiar     Summ           0%         N/A       86%         3
 Mephitic Cloud           Conj/Pois/Air  0%         N/A       86%         3
 Portal Projectile        Hex/Tloc       0%         N/A       86%         3
 Summon Guardian Golem    Hex/Summ       0%         N/A       86%         3
 Leda's Liquefaction      Hex/Erth       0%         N/A       99%         4


Dungeon Overview and Level Annotations

Branches:
Dungeon (7/15)             Temple (1/1) D:5           Sewer (visited)

Altars:
Cheibriados
Dithmenos
Elyvilon
Fedhas
Gozag
Hepliaklqana
Kikubaaqudgha
Makhleb
Nemelex Xobeh
Okawaru
Qazlal
Ru
Sif Muna
Trog
Uskayaw
Vehumet
Wu Jian
Xom
Yredelemnul
Zin
The Shining One

Shops:
D:1 *


Innate Abilities, Weirdness & Mutations

You have a pair of horns on your head.
You reflexively headbutt those who attack you in melee.
You are mostly covered in iridescent scales. (AC +4)
You are frail. (-10% HP)
You passively map a small area around you.


Message History

You feel very sick. The kobold hits you but does no damage.
The gnoll hits you but does no damage.
The gnoll sergeant hits you but does no damage.
You are more poisoned.
The gnoll hits you but does no damage.
You slice the kobold like a ripe choko!!!
You kill the kobold!
Trog accepts your kill.
You feel very sick. The gnoll barely misses you.
The gnoll sergeant hits you with a +0 spear of venom.
* * * LOW HITPOINT WARNING * * *
You are more poisoned.
The kobold brigand hits you but does no damage.
The gnoll hits you with a +2 vorpal flail.
* * * LOW HITPOINT WARNING * * *
A gnoll comes into view. It is wielding a +0 flail.
* * * LOW HITPOINT WARNING * * *
You feel very sick.
The gnoll shouts!
The gnoll hits you but does no damage. The gnoll sergeant closely misses you.
The kobold brigand misses you.
Things that are here:
a +0 club; a +0 club; a kobold corpse You feel a strong urge to attack something.
* * * LOW HITPOINT WARNING * * *
You feel very sick.
A kobold comes into view. It is wielding a +0 short sword.
* * * LOW HITPOINT WARNING * * *
You feel very sick.
The kobold shouts!
A kobold comes into view.
It is wielding a +0 dagger and quivering poisoned darts.
You feel your anger nearly subside.
You are no longer berserk.
You are exhausted.
You feel yourself slow down.
* * * LOW HITPOINT WARNING * * *
You feel very sick.
As you read the scroll of teleportation, it crumbles to dust.
You feel strangely unstable.
You die...

##.###.##### #.## ##<.>.#
#########.###.###.#
#..........#.......
##########.#######.#.#####..
#.......##.# ###.#.#######
#.#####.##.# #........# #.#
##†##.#####K..#.##.# #.#
#...#.@.K...###.#*
#.###.###...####)# * #* *
#....# ##.K# #.# , , #....#
#gg# #.# * , #....## ##.g#
#.# *, #.#.#.###g#g# #.#
#...##..g.o.####.## *
#.#.####.##gg....)# * ...#.#
#.#.gg#####).....#


You could see a kobold brigand, a gnoll sergeant, 3 gnolls, an orc, 3 goblins
and 2 kobolds.

Vanquished Creatures
  A two-headed ogre (D:6)
  2 steam dragons
  2 ice beasts (D:6)
  A black bear (D:6)
  3 ogres (D:5)
  A phantom (D:5)
  Blork the orc (D:6)
  A scorpion (D:6)
  4 hounds
  3 jellies
  A gnoll bouda (D:6)
  3 orc priests
  2 iguanas
  3 orc wizards
  12 gnolls
  5 adders
  2 river rats (Sewer)
  A white imp (D:7)
  2 worms
  A dart slug (D:5)
  20 orcs
  A bat (D:1)
  8 endoplasms
  12 giant cockroaches
  7 goblins
  6 hobgoblins
  5 jackals
  7 kobolds
  2 quokkas (D:3)
  14 ball pythons
  15 frilled lizards
  9 rats
  A spectral orc (D:5)
158 creatures vanquished.

Vanquished Creatures (others)
  6 plants (D:3)
6 creatures vanquished.

Grand Total: 164 creatures vanquished

Notes
Turn   | Place    | Note
-------+----------+-------------------------------------------
     0 | D:1      | Proctologist the Minotaur Berserker began the quest for the
                  | Orb.
     0 | D:1      | Reached XP level 1. HP: 19/19 MP: 0/0
   215 | D:1      | Found a faded altar of an unknown god.
   496 | D:1      | Reached XP level 2. HP: 19/27 MP: 1/1
   780 | D:1      | Found Caipput's Assorted Antiques.
  1581 | D:2      | Reached ** piety under Trog
  1582 | D:2      | Reached XP level 3. HP: 28/33 MP: 2/2
  2248 | D:3      | Reached XP level 4. HP: 41/41 MP: 3/3
  2333 | D:3      | Found a glowing drain.
  2345 | Sewer    | Entered a sewer
  2431 | Sewer    | Reached *** piety under Trog
  2491 | Sewer    | Found a viscous altar of Jiyva.
  2494 | Sewer    | Reached skill level 1 in Polearms
  2494 | Sewer    | Reached XP level 5. HP: 22/47 MP: 1/4
  2679 | Sewer    | Gained mutation: You are frail. (-10% HP) [potion of
                  | mutation]
  2679 | Sewer    | Gained mutation: You passively map a small area around you.
                  | [potion of mutation]
  2679 | Sewer    | Gained mutation: You are partially covered in iridescent
                  | scales. (AC +2) [potion of mutation]
  2679 | Sewer    | Gained mutation: You are mostly covered in iridescent
                  | scales. (AC +4) [potion of mutation]
  2894 | D:3      | Found a burning altar of Makhleb.
  3218 | D:4      | Reached skill level 2 in Polearms
  3321 | D:4      | Identified a scroll of acquirement
  3321 | D:4      | Acquired a +5 vampiric bardiche
  4674 | D:5      | Entered Level 5 of the Dungeon
  4675 | D:5      | Noticed a phantom
  4675 | D:5      | Noticed an ogre
  4679 | D:5      | Reached skill level 3 in Polearms
  4682 | D:5      | Killed a phantom
  4683 | D:5      | Reached XP level 6. HP: 49/49 MP: 5/5
  4689 | D:5      | Reached skill level 5 in Fighting
  4689 | D:5      | Reached skill level 4 in Polearms
  4723 | D:5      | Found a staircase to the Ecumenical Temple.
  4734 | Temple   | Entered the Ecumenical Temple
  4996 | D:5      | Identified the +8 whip "Beetlebane" {freeze, Str+4}
  5000 | D:5      | Reached XP level 7. HP: 47/54 MP: 2/6
  5001 | D:5      | Reached skill level 1 in Stealth
  5004 | D:5      | Reached skill level 5 in Armour
  5005 | D:5      | Reached skill level 5 in Polearms
  5659 | D:5      | Found a basalt altar of Yredelemnul.
  5961 | D:6      | Noticed Blork the orc
  5968 | D:6      | Killed Blork the orc
  6018 | D:6      | Reached skill level 6 in Polearms
  6019 | D:6      | Reached XP level 8. HP: 63/63 MP: 7/7
  6239 | D:6      | Reached **** piety under Trog
  6278 | D:6      | Reached skill level 7 in Polearms
  6415 | D:6      | Reached skill level 1 in Throwing
  6610 | D:6      | Noticed a two-headed ogre
  6618 | D:6      | Killed a two-headed ogre
  6619 | D:6      | Reached skill level 9 in Polearms
  6619 | D:6      | Reached skill level 5 in Dodging
  6619 | D:6      | Reached XP level 9. HP: 47/70 MP: 3/8
  7033 | D:7      | Found a white marble altar of Elyvilon.
  7085 | D:7      | Succumbed to a gnoll sergeant's poison

Illustrated notes

Levels and vault maps discovered:
D:1:      dpeg_arrival_windows_large_door, layout_basic,
          dreamdust_ecumenical_altar_grove, serial_shops,
          nicolae_lakefront_shop, roderic_lattice_a
D:2:      layout_rooms, reono_crystal_passage
D:3:      layout_rooms, lightli_temple_of_fire, portal_sewer_entry_f,
          minmay_lizard_king
D:4:      layout_loops_cross, grunt_ministairs_11
D:5:      layout_cave_pools, yredelemnul_forgotten_temple_becter,
          minmay_temple_entry_antechambers, corexii_item_surrounded_by_moat
D:6:      layout_basic, chequers_serial_rivers_small_b, uniq_blork_the_orc
D:7:      layout_loops_ring, amcnicky_altar_gilded, enter_bailey_5,
          minmay_fractal_squares_gapless_5
Temple:   hc_temple_tempest_star

Skill      XL: |  1  2  3  4  5  6  7  8 |
---------------+-------------------------+-----
Fighting       | 4 5 6 |  6.9
Maces & Flails | 4 |  4.8
Armour         | 3 4 5 6 |  6.4
Polearms       | 1 3 4 6 9 |  9.9
Dodging        | 3 4 5 |  5.4
Stealth        | 1 |  1.2
Throwing       | 1 |  1.0

Action                   |  1- 3 |  4- 6 |  7- 9 || total
-------------------------+-------+-------+-------++-------
Melee: Mace              |    65 |       |       ||    65
       Headbutt          |    10 |    17 |    18 ||    45
       Spear             |    33 |    70 |       ||   103
       Punch             |     1 |       |       ||     1
       Bardiche          |       |    37 |   101 ||   138
Throw: Stone             |     2 |       |    11 ||    13
       Dart              |     2 |       |     3 ||     5
Invok: Trog's Hand       |       |     2 |     1 ||     3
       Berserk           |       |     1 |     1 ||     2
  Use: Potion            |     5 |     4 |     1 ||    10
       Scroll            |     6 |     3 |     4 ||    13
Armor: Scale mail        |    18 |       |       ||    18
       Ring mail         |    25 |    67 |    87 ||   179
Dodge: Dodged            |    54 |    88 |    95 ||   237
